 Dungeon Crawl Stone Soup version 0.22-a0-32-ga749362 (webtiles) character file.

16293 Gorglomux the Cleaver (level 12, -8/76 HPs)
             Began as a Gargoyle Warper on Jan 3, 2018.
             Was an Elder of the Shining One.
             Mangled by an ice beast (13 damage)
             ... summoned by an ice statue
             ... in an ice cave.
             The game lasted 00:22:05 (11522 turns).

Gorglomux the Cleaver (Gargoyle Warper)            Turns: 11522, Time: 00:22:06

Health: -8/76      AC: 25    Str: 20    XL:     12   Next: 36%
Magic:  16/16      EV: 13    Int: 19    God:    the Shining One [****..]
Gold:   559        SH:  0    Dex:  9    Spells: 15/15 levels left

rFire    . . .     SeeInvis +   J - +1 battleaxe (freeze)
rCold    . . .     Gourm    .   (shield currently unavailable)
rNeg     + + +     Faith    .   G - +0 ring mail
rPois    ∞         Spirit   .   X - +1 helmet {SInv}
rElec    +         Reflect  .   C - +0 cloak
rCorr    .         Harm     .   F - +1 pair of gloves
MR       .....                  (no boots)
Stlth    ..........             V - amulet of rage
HPRegen  0.22/turn              z - +3 ring of protection
MPRegen  0.15/turn              Y - +5 ring of intelligence

@: glowing
A: negative energy resistance 1, electricity resistance, unbreathing,
petrification resistance, rot immunity, AC +8
a: Divine Shield, Cleansing Flame, Renounce Religion, Evoke Berserk Rage


You were in an ice cave.
You worshipped the Shining One.
The Shining One was greatly pleased with you.
You were not hungry.

You visited 3 branches of the dungeon, and saw 14 of its levels.
You also visited: Ice Cave.

You collected 559 gold pieces.

Inventory:

Hand Weapons
 a - a +0 hand axe
 J - a +1 battleaxe of freezing (weapon)
Missiles
 e - 4 tomahawks of dispersal (quivered)
 H - 15 tomahawks
Armour
 x - a +2 shield
 C - a +0 cloak (worn)
 F - a +1 pair of gloves (worn)
 G - a +0 ring mail (worn)
 X - a +1 helmet of see invisible (worn)
Jewellery
 z - a +3 ring of protection (left hand)
 V - an amulet of rage (around neck)
 Y - a +5 ring of intelligence (right hand)
Wands
 A - a wand of flame (10)
 D - a wand of digging (9)
 E - a wand of enslavement (5)
 I - a wand of iceblast (27)
Scrolls
 v - a scroll of acquirement {unknown}
 y - a scroll of fog {unknown}
 B - 6 scrolls of blinking
 K - a scroll of enchant weapon {unknown}
 M - 3 scrolls of magic mapping
 R - 3 scrolls of identify
 S - 5 scrolls of remove curse
 T - 3 scrolls of teleportation
 W - a scroll of noise {unknown}
 Z - 2 scrolls of amnesia {unknown}
Potions
 g - 3 potions of haste
 w - a potion of flight
 L - a potion of resistance
 N - 2 potions of mutation {!q}
 P - a potion of might
 Q - 2 potions of curing
Books
 c - a book of Spatial Translocations

   Spells                             Type                      Level
   a - Blink                          Translocation                2
   b - Shroud of Golubria             Charms/Translocation         2
   c - Lesser Beckoning               Translocation                3
   d - Gell's Gravitas                Translocation                3
   e - Teleport Other                 Translocation                3
   f - Passage of Golubria            Translocation                4
 s - a book of Power

   Spells                             Type                      Level
   a - Iskenderun's Battlesphere      Conjuration/Charms           5
   b - Venom Bolt                     Conjuration/Poison           5
   c - Bolt of Magma                  Conjuration/Fire/Earth       5
   d - Iron Shot                      Conjuration/Earth            6
   e - Orb of Destruction             Conjuration                  7
   f - Spellforged Servitor           Conjuration/Summoning        7
 t - a book of Party Tricks

   Spells                             Type                      Level
   a - Summon Butterflies             Summoning                    1
   b - Apportation                    Translocation                1
   c - Lesser Beckoning               Translocation                3
   d - Tukima's Dance                 Hexes                        3
   e - Alistair's Intoxication        Transmutation/Poison         5
   f - Invisibility                   Hexes                        6
 u - a book of Misfortune

   Spells                             Type                      Level
   a - Confusing Touch                Hexes                        1
   b - Confuse                        Hexes                        3
   c - Gell's Gravitas                Translocation                3
   d - Petrify                        Transmutation/Earth          4
   e - Metabolic Englaciation         Hexes/Ice                    5
   f - Yara's Violent Unravelling     Hexes/Transmutation          5
 O - a book of Debilitation

   Spells                             Type                      Level
   a - Corona                         Hexes                        1
   b - Slow                           Hexes                        2
   c - Inner Flame                    Hexes/Fire                   3
   d - Portal Projectile              Hexes/Translocation          3
   e - Cause Fear                     Hexes                        4
   f - Leda's Liquefaction            Hexes/Earth                  4
 U - a book of Necromancy

   Spells                             Type                      Level
   a - Pain                           Necromancy                   1
   b - Animate Skeleton               Necromancy                   1
   c - Vampiric Draining              Necromancy                   3
   d - Regeneration                   Charms/Necromancy            3
   e - Animate Dead                   Necromancy                   4
   f - Borgnjor's Vile Clutch         Necromancy/Earth             5
   The Shining One disapproves of the use of such an item.
Comestibles
 f - 20 rations


   Skills:
 - Level 9.6 Fighting
 + Level 12.7 Axes
 - Level 0.8 Throwing
 - Level 9.4 Armour
 - Level 6.3 Dodging
 - Level 3.2 Shields
 - Level 2.0 Spellcasting
   Level 2.6 Translocations
 - Level 5.9 Invocations
 - Level 4.2 Evocations


You had 15 spell levels left.
You didn't know any spells.

Dungeon Overview and Level Annotations

Branches:
Dungeon (12/15)            Temple (1/1) D:6            Lair (1/6) D:10
    Orc (0/2) D:10

Altars:
Ashenzari
Cheibriados
Dithmenos
Elyvilon
Fedhas
Hepliaklqana
Kikubaaqudgha
Makhleb
Nemelex Xobeh
Okawaru
Qazlal
Ru
Sif Muna
Trog
Uskayaw
Vehumet
Wu Jian
Xom
Yredelemnul
Zin
The Shining One

Shops:
D:11 :

Annotations:
IceCv exclusion: 2 ice statues


Innate Abilities, Weirdness & Mutations

You are resistant to torment.
Your stone body is resilient. (AC +8)
You are immune to poison.
You resist negative energy. (rN+)
You are resistant to electric shocks. (rElec)
You can survive without breathing.
You are immune to petrification.
You are immune to rotting.


Message History

You chop the ice statue into pieces!
The ice statue is heavily damaged!
You are engulfed in freezing vapours!
The ice statue gestures!
The butt statue gestures!
You open the ice statue butt a pillowcase!!!
The ice statue is severely damaged!
You butt the ice beast like a ripe choko!!!!!!
You annihilate the ice beast!!!
Butt are engulfed in freezing vapours!
The ice statue gestures at you! The freezing blast butts you!!!
You are engulfed in freezing vapours!
Unknown command!
You are engulfed in freezing vapours! * * * don't die
* * * Unknown command!
The ice beast hits you! * * * butt't die
* * * The ice beast freezes you!!! rip

##.....##
#...∩...#
#...∩...#
##.....##
##...## ##...#
#...## #...##
##.@.# ##Y.§####
##8#..§§§#8##
#.......§§.§#
........§.§..#
#.Y.....§...§.#
.......§.§.....#
...............#
......⌠.......#


You could see 2 ice beasts.

Vanquished Creatures
  A centaur warrior (D:8)
  A two-headed ogre (D:8)
  An unseen horror (D:10)
  Pikel (D:8)
  An ugly thing (D:12)
  A cyclops (D:11)
  A black mamba (Lair:1)
  2 guardian serpents
  3 spiny frogs (Lair:1)
  4 ice devils (IceCv)
  The ghost of wvc the Slicer, a novice KoAr (D:5)
  A troll (D:10)
  Grinder (D:5)
  Prince Ribbit (D:7)
  5 hippogriffs
  5 yaks (Lair:1)
  A water elemental (D:12)
  2 basilisks
  4 hogs (D:10)
  A human (D:10)
  A hungry ghost (D:9)
  2 water moccasins
  2 hell hounds (D:10)
  3 ice beasts
  6 orc warriors
  2 slaves (D:8)
  2 hornet zombies
  3 sky beasts
  2 eyes of draining (D:11)
  3 phantoms
  4 ogres
  7 centaurs
  A wyvern zombie (D:10)
  7 bullfrogs
  A water moccasin skeleton (D:4)
  A scorpion (D:8)
  8 killer bees (D:8)
  9 wights
  2 electric eels (D:12)
  A howler monkey (D:4)
  3 crimson imps
  A centaur zombie (D:8)
  3 bullfrog skeletons
  4 hounds
  14 orc wizards
  3 bullfrog zombies
  2 jellies
  8 orc priests
  An iguana (D:10)
  7 worker ants
  2 killer bee zombies
  A hound zombie (D:6)
  3 river rats (D:6)
  12 adders
  3 shadow imps
  2 adder zombies (D:5)
  An adder skeleton (D:8)
  6 worms
  A dart slug (D:1)
  8 leopard geckos
  57 orcs
  3 ball pythons
  4 giant cockroaches
  8 goblins
  4 hobgoblins
  8 jackals
  7 quokkas
  12 bats
  8 frilled lizards
  A jackal skeleton (D:5)
  9 kobolds
  2 leopard gecko skeletons
  A quokka skeleton (D:5)
  9 rats
323 creatures vanquished.

Vanquished Creatures (others)
  2 slaves (D:7)
  2 adders
  An orc (D:5)
5 creatures vanquished.

Grand Total: 328 creatures vanquished

Notes
Turn   | Place    | Note
-------+----------+-------------------------------------------
     0 | D:1      | Gorglomux the Gargoyle Warper began the quest for the Orb.
     0 | D:1      | Reached XP level 1. HP: 12/12 MP: 3/3
   126 | D:1      | Reached skill level 2 in Axes
   127 | D:1      | Reached XP level 2. HP: 10/18 MP: 5/5
   484 | D:1      | Reached XP level 3. HP: 21/22 MP: 6/6
  1101 | D:2      | Reached skill level 3 in Fighting
  1590 | D:2      | Reached XP level 4. HP: 18/28 MP: 7/7
  2718 | D:3      | Reached skill level 3 in Armour
  2819 | D:3      | Found a sacrificial altar of Ru.
  2830 | D:3      | Reached XP level 5. HP: 27/32 MP: 8/8
  3016 | D:3      | Reached skill level 3 in Axes
  3095 | D:3      | Found a radiant altar of Vehumet.
  3105 | D:3      | Found a burning altar of Makhleb.
  3269 | D:4      | Noticed a water moccasin
  3297 | D:4      | Found a stormy altar of Qazlal.
  3297 | D:4      | Noticed a phantom
  3405 | D:3      | Killed a phantom
  3405 | D:3      | Reached XP level 6. HP: 23/39 MP: 9/9
  3528 | D:4      | Reached skill level 6 in Axes
  3528 | D:4      | Reached XP level 7. HP: 48/48 MP: 9/11
  3529 | D:4      | Reached skill level 6 in Dodging
  3529 | D:4      | Reached skill level 3 in Shields
  3529 | D:4      | Reached XP level 8. HP: 55/55 MP: 9/12
  3575 | D:4      | Reached skill level 7 in Axes
  3680 | D:4      | Found a blossoming altar of Fedhas.
  3757 | D:4      | Found a deep blue altar of Sif Muna.
  4305 | D:4      | Found a sparkling altar of Nemelex Xobeh.
  4478 | D:5      | Entered Level 5 of the Dungeon
  4521 | D:5      | Found a shimmering altar of Xom.
  4581 | D:5      | Noticed wvc's ghost (novice KoAr)
  4722 | D:5      | Killed wvc's ghost
  4916 | D:5      | Reached XP level 9. HP: 60/60 MP: 13/13
  4926 | D:5      | Noticed Grinder
  4944 | D:5      | Paralysed by Grinder for 7 turns
  4983 | D:5      | Killed Grinder
  5762 | D:6      | Found a staircase to the Ecumenical Temple.
  5773 | Temple   | Entered the Ecumenical Temple
  5979 | Temple   | Became a worshipper of the Shining One
  6295 | D:6      | You fall through a shaft for 2 floors!
  6635 | D:8      | Reached skill level 9 in Fighting
  6734 | D:7      | Noticed Pikel
  6761 | D:8      | Killed Pikel
  6761 | D:8      | Reached XP level 10. HP: 49/66 MP: 14/14
  6778 | D:7      | Noticed Prince Ribbit
  6865 | D:8      | Noticed a two-headed ogre
  6865 | D:8      | Reached * piety under the Shining One
  6871 | D:8      | Noticed a centaur warrior
  6872 | D:8      | Killed a two-headed ogre
  6872 | D:8      | Reached skill level 9 in Armour
  6878 | D:8      | Killed a centaur warrior
  6897 | D:8      | Reached skill level 8 in Axes
  7439 | D:7      | Killed Prince Ribbit
  8275 | D:9      | Noticed a guardian serpent
  8286 | D:8      | Killed a guardian serpent
  8286 | D:8      | Reached skill level 9 in Axes
  8286 | D:8      | Reached XP level 11. HP: 40/71 MP: 15/15
  8452 | D:9      | Reached ** piety under the Shining One
  9099 | D:10     | Entered Level 10 of the Dungeon
  9117 | D:10     | Reached skill level 10 in Axes
  9123 | D:10     | Found a glowing golden altar of the Shining One.
  9158 | D:10     | Found a staircase to the Lair.
  9185 | D:10     | Reached *** piety under the Shining One
  9386 | D:10     | Noticed an unseen horror
  9396 | D:10     | Killed an unseen horror
  9434 | D:10     | Found a shimmering altar of Xom.
  9699 | D:10     | Found a staircase to the Orcish Mines.
  9809 | D:11     | Noticed a cyclops
  9818 | D:11     | Killed a cyclops
  9818 | D:11     | Reached skill level 11 in Axes
 10175 | D:11     | Found Acifes's Book Boutique.
 10502 | D:12     | Noticed a red ugly thing
 10503 | D:12     | Reached **** piety under the Shining One
 10512 | D:12     | Killed a red ugly thing
 10512 | D:12     | Reached XP level 12. HP: 37/76 MP: 16/16
 10632 | Lair:1   | Entered Level 1 of the Lair of Beasts
 10708 | Lair:1   | Reached skill level 12 in Axes
 10991 | Lair:1   | Found a frozen archway.
 11088 | IceCv    | Entered an ice cave
 11522 | IceCv    | Mangled by an ice beast

Vault maps used:
D:1:      noname_arrival_rooms_in_the_neighbourhood, hangedman_decor_lopped
D:2:      first_ration
D:3:      grunt_temple_overflow_lords_of_destruction, overflow_temple_1_default
D:4:      old_standard_altar, chequers_temple_overflow_statue_of_worship,
          nemelex_diamond_rough_becter
D:5:      xom_confusion_cloud, uniq_grinder
D:6:      minmay_temple_entry_nine_rooms, lightli_sewer_entry_pipes
D:7:      uniq_prince_ribbit1, uniq_pikel
D:9:      nrook_guardian_serpent_snake_passage, nicolae_overflow_hidden_temple
D:10:     minmay_lair_entry_lava, orc_0_dummy, grunt_livestock,
          minmay_misc_feat_four_crosses, hangedman_feature_mirror
D:11:     serial_shops, shop
D:12:     gargoyle_guard, st_stairs_8, minmay_the_grid_square_5x5_3x3_mashed
Temple:   dpeg_chambers_temple
Lair:1:   portal_ice_cave_entry_pillars_2
IceCv:    ice_cave_tombish

Skill      XL: |  1  2  3  4  5  6  7  8  9 10 11 12 |
---------------+-------------------------------------+-----
Axes           | 2 3 6 7 9 11 12 | 12.7
Armour         | 2 3 7 8 9 |  9.4
Fighting       | 3 4 7 8 9 |  9.6
Dodging        | 4 6 |  6.3
Invocations    | 5 |  5.9
Shields        | 3 |  3.2
Evocations     | 4 |  4.2
Throwing       | |  0.8
Spellcasting   | |  2.0
Translocations | |  2.6

Action                   |  1- 3 |  4- 6 |  7- 9 | 10-12 || total
-------------------------+-------+-------+-------+-------++-------
Melee: Hand axe          |   137 |   212 |   445 |    14 ||   808
       Battleaxe         |       |       |       |   458 ||   458
Throw: Tomahawk          |     1 |       |       |       ||     1
Invok: Divine Shield     |       |       |       |     1 ||     1
 Abil: Evoke Berserk Rag |       |       |       |     2 ||     2
Evoke: Wand              |       |       |       |     2 ||     2
  Use: Scroll            |       |     2 |     5 |     8 ||    15
       Potion            |       |     1 |     5 |       ||     6
  Eat: Chunk             |     2 |     6 |    11 |    19 ||    38
       Ration            |       |       |       |     1 ||     1
Armor: Leather armour    |    13 |       |       |       ||    13
       Ring mail         |    67 |   101 |   262 |   271 ||   701
Dodge: Dodged            |   102 |   133 |   324 |   322 ||   881
Block: Other             |       |       |       |     5 ||     5

Table legend:
 A = Spawn XP
 B = Non-spawn XP
 C = Spawn XP percentage of total XP
 D = Spawn monster count
 E = Non-spawn monster count
 F = Spawn count percentage of total count
 G = Total turns spent on level
                    A         B        C        D         E        F      G
               +---------+---------+-------+---------+---------+-------+---------
         Total |       0 |   22251 |   0.0 |       0 |     321 |   0.0 | 11522
               +---------+---------+-------+---------+---------+-------+---------
           D:1 |       0 |      44 |   0.0 |       0 |      25 |   0.0 |  1011
           D:2 |       0 |      76 |   0.0 |       0 |      19 |   0.0 |  1471
           D:3 |       0 |     250 |   0.0 |       0 |      31 |   0.0 |  1031
           D:4 |       0 |     511 |   0.0 |       0 |      17 |   0.0 |   965
           D:5 |       0 |     993 |   0.0 |       0 |      19 |   0.0 |  1214
           D:6 |       0 |     583 |   0.0 |       0 |      27 |   0.0 |   883
           D:7 |       0 |    1199 |   0.0 |       0 |      20 |   0.0 |   554
           D:8 |       0 |    4797 |   0.0 |       0 |      35 |   0.0 |  1020
           D:9 |       0 |    1696 |   0.0 |       0 |      47 |   0.0 |   716
          D:10 |       0 |    3798 |   0.0 |       0 |      29 |   0.0 |   883
          D:11 |       0 |    2518 |   0.0 |       0 |      29 |   0.0 |   525
          D:12 |       0 |    1267 |   0.0 |       0 |       7 |   0.0 |   125
        Lair:1 |       0 |    3109 |   0.0 |       0 |      12 |   0.0 |   456
         IceCv |       0 |    1410 |   0.0 |       0 |       4 |   0.0 |   434
               +---------+---------+-------+---------+---------+-------+---------
